AoeStats
← Freakyx

QS Arena

503564006Analyzed
4v4 RM · 1mo ago on Sep 1, 2026· 33m 15s· 8 players
Game mode
Random Map
Map size
Large (8 player)
Population
200
Speed
Normal
Resources
Standard
Victory
Conquest
Starting age
Dark Age
Ending age
Imperial Age
RankedLock teamsTeams togetherTeam positionsShared explorationLock speedFull tech treeHidden civsTurbo modeCheats
Victory
Defeat
🇨🇳 Byzantines · China
917
+15
🇩🇪 Persians · Germany
879
+17
🇨🇳 Khmer · China
811
+20
🇨🇳 Franks · China
764
+22
🇨🇳 Ethiopians · China
1037
-24
🇨🇳 Magyars · China
1036
-24
🇧🇬 Bohemians · Bulgaria
948
-21
🇮🇳 Persians · India
564
-5
Good night
0:50 Loom
10:35 Feudal Age
11:59 Double-Bit Axe
17:47 Castle Age
16:01 Gold Mining
16:03 Stone Mining
19:03 Caravan
19:57 Scale Barding Armor
19:54 Scale Mail Armor
19:56 Padded Archer Armor
19:48 Fletching
20:47 Husbandry
20:11 Pikeman
20:51 Squires
22:18 Wheelbarrow
32:16 Imperial Age
30:14 Chain Barding Armor
30:12 Leather Archer Armor
nils.odenbach
10:49 Feudal Age
11:15 Double-Bit Axe
11:22 Loom
15:58 Castle Age
14:16 Horse Collar
17:10 Gold Mining
19:00 Heavy Plow
19:12 Bow Saw
23:22 Wheelbarrow
25:27 Stone Mining
26:25 Gold Shaft Mining
30:04 Imperial Age
28:14 Pikeman
28:45 Gambesons
29:03 Squires
28:55 Arson
29:55 Forging
29:45 Scale Mail Armor
30:26 Halberdier
31:25 Scale Mail Armor
32:14 Iron Casting
33:06 Cavalier
33:48 Husbandry
33:59 Bloodlines
Rasmus Højlund
9:17 Feudal Age
12:16 Castle Age
10:40 Double-Bit Axe
11:18 Horse Collar
13:58 Bow Saw
15:18 Wheelbarrow
21:11 Hand Cart
21:32 Gold Mining
23:54 Gold Shaft Mining
24:31 Loom
27:28 Imperial Age
25:45 Scale Barding Armor
25:51 Forging
27:15 Chain Barding Armor
27:53 Iron Casting
28:10 Bloodlines
27:32 Elite Battle Elephant
28:13 Husbandry
28:16 Tusk Swords
28:36 Conscription
28:54 Plate Barding Armor
28:54 Capped Ram
30:49 Blast Furnace
Eleangt
9:03 Feudal Age
10:10 Double-Bit Axe
13:04 Castle Age
11:33 Horse Collar
13:45 Heavy Plow
15:13 Bow Saw
19:44 Redemption
19:29 Loom
20:43 Gold Mining
27:12 Imperial Age
28:42 Crop Rotation
29:12 Two-Man Saw
28:26 Guilds
30:07 Wheelbarrow
30:09 Conscription
31:33 Chemistry
30:54 Ballistics
32:04 Gold Shaft Mining
32:17 Hand Cart
33:56 Illumination
Sukshi macchli
0:30 Loom
11:39 Feudal Age
16:25 Castle Age
14:36 Double-Bit Axe
17:39 Wheelbarrow
22:51 Bow Saw
24:47 Hand Cart
25:19 Gold Mining
Freakyx
6:35 Loom
8:34 Feudal Age
13:44 Castle Age
14:38 Double-Bit Axe
16:09 Horse Collar
24:41 Bow Saw
relax
8:38 Feudal Age
7:31 Loom
9:51 Double-Bit Axe
13:13 Castle Age
12:03 Horse Collar
15:01 Wheelbarrow
19:20 Bow Saw
20:12 Heavy Plow
20:13 Gold Mining
21:29 Gold Shaft Mining
21:26 Hand Cart
23:43 Bloodlines
23:34 Husbandry
22:58 Light Cavalry
23:46 Scale Barding Armor
24:51 Chain Barding Armor
33:02 Imperial Age
30:35 Stone Mining
卢本伟
6:37 Loom
9:29 Feudal Age
Connection lost

Rejoining the realm…

Still unreachable

The connection could not be restored.

Session expired

The server has moved on; the page needs a fresh start.